 Dungeon Crawl Stone Soup version 0.22-a0-181-gb22368a (webtiles) character file.

21 Amnesiac the Magician (level 2, -7/19 HPs)
             Began as a Mummy Earth Elementalist on Feb 14, 2018.
             Mangled by an orc
             ... wielding a +0 scythe
              (13 damage)
             ... on level 3 of the Dungeon.
             The game lasted 00:01:12 (446 turns).

Amnesiac the Magician (Mummy Earth Elementalist)     Turns: 446, Time: 00:01:13

Health: -7/19      AC:  2    Str: 11    XL:     2   Next: 62%
Magic:  6/6        EV: 12    Int: 14    God:
Gold:   10         SH:  0    Dex: 12    Spells: 4/7 levels left

rFire    x . .     SeeInvis .   k - +0 club
rCold    + . .     Gourm    .   (no shield)
rNeg     + + +     Faith    .   c - +0 robe
rPois    ∞         Spirit   .   (no helmet)
rElec    .         Reflect  .   (no cloak)
rCorr    .         Harm     .   (no gloves)
MR       .....                  (no boots)
Stlth    ++........             (no amulet)
HPRegen  0.06/turn              (no ring)
MPRegen  0.10/turn              (no ring)

@: no status effects
A: no food or potions, fire vulnerability, cold resistance 1, negative energy
resistance 3, torment resistance, unbreathing
a: no special abilities


You were on level 3 of the Dungeon.
You were not hungry.

You visited 1 branch of the dungeon, and saw 3 of its levels.

You collected 10 gold pieces.

Inventory:

Hand Weapons
 k - a +0 club (weapon)
Missiles
 b - 81 stones (quivered)
 h - 15 poisoned needles
Armour
 c - a +0 robe (worn)
Scrolls
 a - a scroll of identify {!r, unknown}
 e - a scroll of enchant armour {!r, unknown}
 f - a scroll of magic mapping {!r, unknown}
 g - a scroll of immolation {!r, unknown}
 i - a scroll of random uselessness {!r, unknown}
 j - a scroll of teleportation {!r, unknown}
 l - a scroll of fog {!r, unknown}
Books
 d - a book of Geomancy

   Spells                             Type                      Level
   a - Sandblast                      Earth                        1
   b - Passwall                       Transmutation/Earth          2
   c - Stone Arrow                    Conjuration/Earth            3
   d - Petrify                        Transmutation/Earth          4
   e - Lee's Rapid Deconstruction     Earth                        5


   Skills:
 - Level 1.5 Dodging
 - Level 1.5 Stealth
 + Level 3.1 Spellcasting
 - Level 0.7 Transmutations
 * Level 3.1 Earth Magic


You had 4 spell levels left.
You knew the following spells:

 Your Spells              Type           Power        Failure   Level  Hunger
a - Sandblast             Erth           ##....       6%          1    N/A
b - Passwall              Tmut/Erth      #.........   14%         2    N/A

Dungeon Overview and Level Annotations

Branches:
Dungeon (3/15)

Altars:


Innate Abilities, Weirdness & Mutations

You do not eat or drink.
Your flesh is vulnerable to fire.
You are immune to poison.
Your flesh is cold resistant. (rC+)
You are immune to negative energy. (rN+++)
You are immune to unholy pain and torment.
You can survive without breathing.


Message History

The giant cockroach bites you but does no damage.
You hit the giant cockroach but do no damage.
The giant cockroach bites you but does no damage.
The giant cockroach closely misses you.
You barely miss the giant cockroach.
The giant cockroach bites you but does no damage.
A kobold comes into view. It is wielding a club.
Casting: Sandblast (safe; 6% risk of failure)
Confirm with . or Enter, or press ? or * to list all spells.
Aiming: Sandblast (safe; 6% risk of failure)
Press: ? - help, Shift-Dir - straight line, f - giant cockroach
Aim: a giant cockroach (clinging)
The blast of sand misses the giant cockroach.
b - 82 stones The kobold shouts!
The giant cockroach misses you.
An orc comes into view. It is wielding a mace.
The giant cockroach bites you. The giant cockroach barely misses you.
The giant cockroach closely misses you. The giant cockroach bites you.
Things that are here:
a club; a goblin corpse
k - a club The giant cockroach closely misses you.
Wield which item (- for none, * to show all)? (? for menu, Esc to quit)
k - a +0 club (weapon)
The giant cockroach bites you.
You hit the giant cockroach but do no damage.
The giant cockroach closely misses you.
You hit the giant cockroach but do no damage.
The giant cockroach bites you but does no damage.
The giant cockroach closely misses you.
You closely miss the giant cockroach. The giant cockroach bites you.
The giant cockroach misses you.
You hit the giant cockroach.
The giant cockroach is almost dead.
The giant cockroach completely misses you.
You hit the giant cockroach.
You kill the giant cockroach!
You closely miss the kobold. The kobold hits you but does no damage.
The kobold barely misses you.
You hit the kobold but do no damage. The kobold hits you with a club.
You hit the kobold but do no damage. The kobold hits you but does no damage.
You barely miss the kobold. The kobold hits you with a club.
* * * LOW HITPOINT WARNING * * *
You hit the kobold but do no damage. The kobold barely misses you.
You hit the kobold but do no damage. The kobold hits you with a club.
* * * LOW HITPOINT WARNING * * *
Casting: Sandblast (safe; 6% risk of failure)
Confirm with . or Enter, or press ? or * to list all spells.
Aiming: Sandblast (safe; 6% risk of failure)
Press: ? - help, Shift-Dir - straight line, f - kobold
Aim: a kobold, wielding a club The blast of sand hits the kobold.
You kill the kobold!
b - 81 stones
l - a scroll labeled JIUTSA WEGHIF {!r}
Items here: ) ††† a club; a kobold corpse; a giant cockroach corpse; a goblin corpse The orc shouts!
The orc hits you from afar with a scythe!
Ouch! That really hurt!
You die...

#######.#######.#
#.............#.#
.#####.#####.#.# #####
#.###.# #...## #...†
#...#.# ##...###.###
##....######.#..†.>...
##..........#........
##..#####........... # #.@#
#)#......... #.
#..#####.#.........
####..###†o#........#######
..............##..###
.#####..........†.#
#.K.##..##.......# #.##
....##..###...# #.
.###.....# ##.... . .
###..# ###


You could see an orc.

Vanquished Creatures
  2 leopard geckos (D:3)
  3 bats
  A giant cockroach (D:3)
  2 goblins (D:3)
  A hobgoblin (D:3)
  4 jackals
  A kobold (D:3)
  A frilled lizard (D:3)
  A rat (D:3)
16 creatures vanquished.

Notes
Turn   | Place    | Note
-------+----------+-------------------------------------------
     0 | D:1      | Amnesiac the Mummy Earth Elementalist began the quest for the Orb.
     0 | D:1      | Reached XP level 1. HP: 13/13 MP: 4/4
   291 | D:3      | Reached XP level 2. HP: 19/19 MP: 2/5
   305 | D:3      | Learned a level 2 spell: Passwall
   446 | D:3      | Mangled by an orc

Vault maps used:
D:1:      onia_arrival_mini_maze
D:2:      serial_forest, infiniplex_forest_zigzag_2, infiniplex_forest_lined_3,
          infiniplex_forest_straight_4, infiniplex_forest_corner_2,
          infiniplex_forest_lined_room_, infiniplex_forest_end_3,
          infiniplex_forest_clump_small
D:3:      lemuel_doored_altar, lightli_sewer_entry_pipes, first_ration,
          saegor_snake_ambush

Skill      XL: |  1  2 |
---------------+-------+-----
Spellcasting   | 3 |  3.1
Earth Magic    | 3 |  3.1
Dodging        | |  1.5
Stealth        | |  1.5
Transmutations | |  0.7

Action                   || total
-------------------------++-------
Melee: Unarmed           ||    16
       Club              ||    11
 Cast: Sandblast         ||    20
Armor: Robe              ||    15
Dodge: Dodged            ||    29

Table legend:
 A = Spawn XP
 B = Non-spawn XP
 C = Spawn XP percentage of total XP
 D = Spawn monster count
 E = Non-spawn monster count
 F = Spawn count percentage of total count
 G = Total turns spent on level
                    A         B        C        D         E        F      G
               +---------+---------+-------+---------+---------+-------+---------
         Total |       0 |      30 |   0.0 |       0 |      16 |   0.0 |   446
               +---------+---------+-------+---------+---------+-------+---------
           D:2 |       0 |       4 |   0.0 |       0 |       2 |   0.0 |   202
           D:3 |       0 |      26 |   0.0 |       0 |      14 |   0.0 |   211
               +---------+---------+-------+---------+---------+-------+---------
